 Dungeon Crawl Stone Soup version 0.30-a0-1016-gfb0d676c02 (webtiles) character file.

Game seed: 334687063865847520

277 GigaChad the Covered (level 6, -2/48 HPs)
             Began as a Formicid Fighter on Apr 6, 2023.
             Killed by divine providence
             ... invoked by an orc priest
              (14 damage)
             ... on level 3 of the Dungeon.
             The game lasted 00:02:39 (2218 turns).

GigaChad the Covered (Formicid Fighter)             Turns: 2218, Time: 00:02:41

Health: -2/48      AC: 13    Str: 23    XL:     6   Next: 50%
Magic:  6/6        EV:  7    Int:  7    God:
Gold:   165        SH:  5    Dex: 13    Spells: 5/5 levels left

rFire   . . .      SeeInvis +    a - +0 war axe
rCold   . . .      Faith    .    c - +0 buckler
rNeg    . . .      Spirit   .    n - +0 plate armour
rPois   .          Reflect  .    (helmet unavailable)
rElec   .          Rampage  .    g - +0 cloak
rCorr   .                        (no gloves)
Will    .....                    (no boots) Stlth
                                 (no amulet)
HPRegen 0.28/turn                (no ring)
MPRegen 0.10/turn                (no ring)

@: no status effects
A: permanent stasis, dig shafts and tunnels, antennae 3, four strong arms
a: Dig, Shaft Self


You were on level 3 of the Dungeon.
You visited 1 branch of the dungeon, and saw 3 of its levels.

You collected 165 gold pieces.

Inventory:

Hand Weapons
 a - a +0 war axe (weapon)
Missiles
 e - a throwing net
Armour
 b - a +0 scale mail
 c - a +0 buckler (worn)
 g - a +0 cloak (worn)
 n - a +0 plate armour (worn)
Scrolls
 f - 2 scrolls of vulnerability
 i - a scroll of immolation
Potions
 d - a potion of might
 h - a potion of haste {unknown}
 j - 2 potions of degeneration {unknown}
 k - 2 potions of curing {unknown}
 m - a potion of attraction {unknown}


   Skills:
 + Level 4.1 Fighting
 + Level 4.0 Axes
 + Level 4.9 Armour
 + Level 1.4 Dodging
 + Level 0.1 Stealth
 + Level 4.7 Shields


You had 5 spell levels left.
You didn't know any spells.
Your spell library contained the following spells:

 Spells                   Type           Power      Damage    Failure   Level
 Apportation              Tloc           0%         N/A       100%        1
 Necrotise                Necr           0%         1d4       100%        1
 Summon Small Mammal      Summ           0%         N/A       100%        1


Dungeon Overview and Level Annotations

Branches:
Dungeon (3/15)

Altars:
Uskayaw

Shops:
D:2 *


Innate Abilities, Weirdness & Mutations

You cannot be hasted, slowed, berserked, paralysed or teleported.
You can dig through walls and to a lower floor.
You have a pair of large antennae on your head. (SInv)
Your four strong arms can wield two-handed weapons with a shield.


Message History

You are too injured to fight recklessly!
Unknown command.
You are too injured to fight recklessly!
Unknown command.
You are too injured to fight recklessly!
You are too injured to fight recklessly!
Unknown command.
You are too injured to fight recklessly!
Unknown command.
You are too injured to fight recklessly!
Unknown command.
You hit the orc wizard but do no damage.
The orc wizard is severely wounded.
You closely miss the orc priest. You barely miss the orc.
You block the orc wizard's attack.
The orc priest splashes around in the water.
The orc hits you but does no damage.
You closely miss the orc wizard.
The orc wizard is severely wounded.
You hit the orc priest. You closely miss the orc.
The orc wizard hits you with a +0 dagger.
* * * LOW HITPOINT WARNING * * *
You block the orc priest's attack.
The orc splashes around in the water.
The orc wizard splashes around in the water.
You hit the orc wizard.
You kill the orc wizard!
You hear a splash. x2
You closely miss the orc priest. You hit the orc.
The orc priest hits you but does no damage.
You block the orc's attack.
The orc splashes around in the water.
The orc priest splashes around in the water.
Your Axes skill increases to level 4!
You barely miss the orc priest.
The orc priest is moderately wounded.
You hit the orc.
You kill the orc!
You hear a splash.
The orc priest invokes the aid of Beogh against you.
Beogh smites you!
You die...

.....#### ...#.# ...
.#.#.# # #.####### #
.#.#.# ##. #.#P...P..#
.#.#.# ..##.....~~~..
.###.# ...♣P.♣~♣~~..
.###.#####
##P..~~~~~~~.
.........# #.P.♣o)~~♣
##.....#.# ♣$.)@)♣♣ .
#.....#..##♣.[....♣..
#.....##..#...♣.....P.
#.....###.#........#...
#........<......#### ..
#.....<.........# .
#...................
#...............####
#################


You could see an orc priest.

Vanquished Creatures
  Sigmund (D:2)
  An orc wizard (D:3)
  4 adders
  A worm (D:2)
  3 dart slugs
  2 orcs (D:3)
  2 endoplasms
  A giant cockroach (D:1)
  3 goblins
  A hobgoblin (D:2)
  5 jackals (D:1)
  3 quokkas (D:1)
  8 ball pythons
  3 bats
  5 frilled lizards
  A kobold (D:1)
  3 rats
47 creatures vanquished.

Vanquished Creatures (others)
  A plant (D:3)
1 creature vanquished.

Grand Total: 48 creatures vanquished

Notes
Turn   | Place    | Note
-------+----------+-------------------------------------------
     0 | D:1      | GigaChad the Formicid Fighter began the quest for the Orb.
     0 | D:1      | Reached XP level 1. HP: 18/18 MP: 1/1
   113 | D:1      | Reached XP level 2. HP: 21/24 MP: 2/2
   386 | D:1      | Reached XP level 3. HP: 28/29 MP: 3/3
   980 | D:2      | Noticed Sigmund
   991 | D:2      | You fall into a shaft and drop 1 floor!
   991 | D:3      | Found a hide-covered altar of Uskayaw.
  1368 | D:2      | Killed Sigmund
  1369 | D:2      | Reached skill level 1 in Dodging
  1369 | D:2      | Reached XP level 4. HP: 20/37 MP: 4/4
  1369 | D:2      | Reached XP level 5. HP: 23/42 MP: 5/5
  1369 | D:2      | Reached XP level 6. HP: 27/48 MP: 6/6
  1654 | D:2      | Found Peblunga's General Store.
  2218 | D:3      | Killed from afar by an orc priest

Illustrated notes

Levels and vault maps discovered:
D:1:      dpeg_arrival_rooms_a, layout_loops_ring, chequers_avenue,
          roderic_lattice_a, minmay_tromino_i2
D:2:      layout_basic, serial_shops, nicolae_shop_waterfront,
          minmay_misc_feat_rows, minmay_misc_feat_secret_circle,
          dreamdust_mushroom_princess, uniq_sigmund
D:3:      layout_rooms, nicolae_uskayaw_dance_hall,
          chequers_ecumenical_altar_twisty, ebering_ghost_gozag, serial_bayou,
          serial_bayou_pond_a, serial_bayou_pond_a

Skill      XL: |  1  2  3  4  5  6 |
---------------+-------------------+-----
Fighting       | 4 |  4.1
Axes           | 3 4 |  4.0
Armour         | 4 |  4.9
Dodging        | 1 |  1.4
Stealth        | |  0.1
Shields        | |  4.7

Action                     |  1- 3 |  4- 6 || total
---------------------------+-------+-------++-------
  Melee: War axe           |    79 |    43 ||   122
Ability: Shaft Self        |     1 |       ||     1
    Use: Scroll            |       |     5 ||     5
 Armour: Scale mail        |    38 |     6 ||    44
         Plate armour      |       |    35 ||    35
  Dodge: Dodged            |    39 |    13 ||    52
  Block: Buckler           |    26 |    17 ||    43

Table legend: (Time is in decaauts)
 A = Elapsed time spent in this place.
 B = Non-inter-level travel time spent in this place.
 C = Inter-level travel time spent in this place.
 D = Time resting spent in this place.
 E = Time spent auto-exploring this place.
 F = Levels seen in this place.
 G = Mean time per level.
                   A        B        C        D        E       F      G
               +--------+--------+--------+--------+--------+-----+--------+
         Total |   2268 |   2218 |     50 |    286 |   1459 |   3 |  756.0 |
       Dungeon |   2268 |   2218 |     50 |    286 |   1459 |   3 |  756.0 |
               +--------+--------+--------+--------+--------+-----+--------+

Top non-repeatable levels by time:
     D:1: 962 daAuts
     D:2: 921 daAuts
     D:3: 383 daAuts
